 Dungeon Crawl Stone Soup version 0.30-a0-142-g7370640ec8 (webtiles) character file.

Game seed: 12458581022560856635

8470 Decritt the Cleaver (level 11, -2/102 HPs)
             Began as a Hill Orc Fighter on Sept 26, 2022.
             Was an Initiate of Gozag.
             Slain by Fannar
             ... wielding a staff of cold
              (15 damage)
             ... on level 10 of the Dungeon.
             The game lasted 00:28:03 (15488 turns).

Decritt the Cleaver (Hill Orc Fighter)             Turns: 15488, Time: 00:28:04

Health: -2/102     AC: 17    Str: 24    XL:     11   Next: 31%
Magic:  11/11      EV:  9    Int: 11    God:    Gozag
Gold:   584        SH:  6    Dex: 16    Spells: 10/10 levels left

rFire   . . .      SeeInvis .    a - +4 war axe (elec)
rCold   . . .      Faith    .    c - +0 buckler
rNeg    . . .      Spirit   .    n - +0 plate armour
rPois   .          Reflect  .    C - +0 hat
rElec   .          Harm     .    j - +0 cloak
rCorr   .          Rampage  .    s - +0 pair of gloves
Will    +....                    (no boots)
Stlth   ..........               (no amulet)
HPRegen 0.27/turn                d - +6 ring of dexterity
MPRegen 0.12/turn                b - ring "Kinah" {Will+ Int+3 Stlth+}

@: gold aura
A: no striking features
a: Renounce Religion, Potion Petition, Call Merchant, Bribe Branch


You were on level 10 of the Dungeon.
You worshipped Gozag.
Gozag was pleased with you.
You visited 2 branches of the dungeon, and saw 12 of its levels.

You collected 1502 gold pieces.
You spent 840 gold pieces at shops.
You paid 78 gold pieces to Gozag.

Inventory:

Hand Weapons
 a - a +4 war axe of electrocution (weapon)
 h - a +4 flail of protection
 o - a +5 morningstar
Missiles
 k - 13 poisoned darts (quivered)
 y - 9 javelins
Armour
 c - a +0 buckler (worn)
 j - a +0 cloak (worn)
 n - a +0 plate armour (worn)
 s - a +0 pair of gloves (worn)
 C - a +0 hat (worn)
Jewellery
 b - the ring "Kinah" (right hand) {Will+ Int+3 Stlth+}
   (You acquired it on level 3 of the Dungeon)

   [ring of willpower]

   Int:       It affects your intelligence (+3).
   Will:      It increases your willpower.
   Stlth:     It makes you more stealthy.
 d - a +6 ring of dexterity (left hand)
 x - a ring of flight
Wands
 m - a wand of quicksilver (3)
 t - a wand of paralysis (9)
 v - a wand of flame (34)
Scrolls
 f - 5 scrolls of teleportation
 g - 4 scrolls of fear
 l - 2 scrolls of noise
 r - 2 scrolls of identify
 D - a scroll of fog
 F - a scroll of poison {unknown}
Potions
 e - 5 potions of flight
 i - a potion of haste {unknown}
 p - 2 potions of heal wounds
 q - 3 potions of magic
 u - 3 potions of curing
 w - a potion of ambrosia {unknown}
 z - 3 potions of brilliance
 A - a potion of invisibility {unknown}
 B - a potion of attraction
 E - a potion of mutation {unknown}
 G - a potion of degeneration {unknown}
Miscellaneous
 H - a lightning rod (4/4)


   Skills:
 * Level 11.2 Fighting
 * Level 11.9 Axes
 - Level 1.4 Throwing
 * Level 10.3 Armour
 + Level 4.8 Dodging
 - Level 6.0 Shields


You had 10 spell levels left.
You didn't know any spells.
Your spell library contained the following spells:

 Spells                   Type           Power      Damage    Failure   Level
 Freeze                   Ice            0%         1d3       99%         1
 Shock                    Conj/Air       0%         1d3       99%         1
 Sublimation of Blood     Necr           0%         N/A       100%        2
 Wereblood                Tmut           0%         N/A       100%        2
 Frozen Ramparts          Ice            0%         1d1       100%        3
 Swiftness                Air            0%         N/A       100%        3
 Airstrike                Air            0%         2d(0-16)  100%        4
 Hailstorm                Conj/Ice       0%         3d3       100%        4
 Fireball                 Conj/Fire      0%         3d3       100%        5
 Starburst                Conj/Fire      0%         6d3       100%        6
 Summon Hydra             Summ           0%         N/A       100%        7
 Ignition                 Fire           0%         3d3       100%        8


Dungeon Overview and Level Annotations

Branches:
Dungeon (11/15)            Temple (1/1) D:5            Lair (0/5) D:10
    Orc (0/2) D:10

Altars:
Ashenzari
Cheibriados
Dithmenos
Gozag
Hepliaklqana
Kikubaaqudgha
Nemelex Xobeh
Sif Muna
Trog
Uskayaw
Vehumet
The Shining One

Shops:
D:3 *

Annotations:
D:10 Fannar


Message History

You barely miss Fannar.
Fannar is heavily wounded.
Fannar hits you but does no damage. Fannar freezes you.
* * * LOW HITPOINT WARNING * * *
You miss Fannar.
Fannar is heavily wounded.
You hit the ice beast but do no damage.
The ice beast hits you but does no damage.
You block Fannar's attack.
You slash Fannar!
Fannar is severely wounded.
You barely miss the ice beast.
The ice beast hits you but does no damage.
Fannar hits you but does no damage. Fannar freezes you!
* * * LOW HITPOINT WARNING * * *
You barely miss Fannar.
Fannar is severely wounded.
You slash the ice beast! The ice beast hits you.
* * * LOW HITPOINT WARNING * * *
The ice beast freezes you!
* * * LOW HITPOINT WARNING * * *
Fannar hits you but does no damage. Fannar freezes you.
* * * LOW HITPOINT WARNING * * *
You hit Fannar.
Fannar is severely wounded.
You hit the ice beast.
Lightning courses through the ice beast!!
You kill the ice beast!
The ice beast disappears in a puff of smoke!
Fannar hits you but does no damage. Fannar freezes you!
* * * LOW HITPOINT WARNING * * *
You hit Fannar but do no damage.
Fannar is severely wounded.
Fannar hits you but does no damage. Fannar freezes you.
* * * LOW HITPOINT WARNING * * *
You barely miss Fannar.
Fannar is severely wounded.
Fannar hits you but does no damage. Fannar freezes you!
You die...
Your body crumbles into a pile of gold.

###### ...# ..#
##'##### ####'#####
.......#
###........#
..[....#
.'...(....#
.......# #........#
.......# #........#
...)...# #...$e...#
.......+ #...@....#
.......# #........#
#####+## #........#
# .. ###..##### #
#.# ####.## #.#
####.....# #.#
##..+.....#
####.####..##.....#
...............>..#


You could see Fannar (poisoned).

Vanquished Creatures
  Erica (D:8)
  A two-headed ogre (D:10)
  An unseen horror (D:10)
  A troll (D:10)
  A hornet (D:8)
  A shadow (D:9)
  A spriggan (D:7)
  6 yaks (D:10)
  4 wyverns
  A wraith (D:10)
  Edmund (D:4)
  A steam dragon (D:9)
  7 water moccasins
  2 sky beasts
  5 ice beasts
  3 orc warriors
  2 black bears (D:6)
  3 ogres
  6 centaurs
  3 phantoms
  2 kobold brigands
  2 gnoll sergeants
  3 scorpions
  A bullfrog (D:7)
  3 wights (D:7)
  5 killer bees (D:10)
  2 gnoll boudas
  5 orc priests
  2 jellies (D:6)
  An iguana (D:5)
  7 orc wizards
  22 gnolls
  8 adders
  A shadow imp (D:6)
  4 white imps
  An ufetubus (D:6)
  A dart slug (D:2)
  15 orcs
  5 ball pythons
  10 endoplasms
  4 giant cockroaches
  6 goblins
  6 hobgoblins
  3 jackals (D:3)
  5 quokkas
  8 bats
  A frilled lizard (D:1)
  17 kobolds
  11 rats
212 creatures vanquished.

Vanquished Creatures (others)
  14 plants (D:10)
14 creatures vanquished.

Grand Total: 226 creatures vanquished

Notes
Turn   | Place    | Note
-------+----------+-------------------------------------------
     0 | D:1      | Decritt the Hill Orc Fighter began the quest for the Orb.
     0 | D:1      | Reached XP level 1. HP: 19/19 MP: 1/1
    65 | D:1      | Reached XP level 2. HP: 14/27 MP: 2/2
   402 | D:1      | Reached XP level 3. HP: 33/33 MP: 3/3
   817 | D:2      | Reached XP level 4. HP: 23/40 MP: 4/4
  1716 | D:2      | Found a faded altar of an unknown god.
  2027 | D:3      | Found Zosoak's General Store.
  2536 | D:3      | Paralysed by an orc for 5 turns
  2856 | D:3      | Reached XP level 5. HP: 47/47 MP: 5/5
  3518 | D:4      | Reached skill level 5 in Fighting
  3842 | D:4      | Reached XP level 6. HP: 52/56 MP: 6/6
  4211 | D:4      | Noticed Edmund
  4219 | D:4      | Killed Edmund
  4220 | D:4      | Reached skill level 5 in Axes
  4220 | D:4      | Reached skill level 5 in Armour
  4220 | D:4      | Reached skill level 5 in Shields
  4220 | D:4      | Reached XP level 7. HP: 41/61 MP: 7/7
  4627 | D:4      | Reached skill level 1 in Dodging
  5210 | D:5      | Entered Level 5 of the Dungeon
  5674 | D:5      | Found a staircase to the Ecumenical Temple.
  5683 | Temple   | Entered the Ecumenical Temple
  5775 | Temple   | Became a worshipper of Gozag Ym Sagoz the Greedy
  6051 | D:5      | You are sucked into a shaft and drop 1 floor!
  6160 | D:6      | Reached XP level 8. HP: 66/70 MP: 8/8
  9741 | D:7      | Reached XP level 9. HP: 79/79 MP: 9/9
 10018 | D:7      | Reached skill level 1 in Throwing
 11215 | D:8      | Reached XP level 10. HP: 82/91 MP: 10/10
 11257 | D:8      | Noticed Erica
 11269 | D:8      | Killed Erica
 11270 | D:8      | Reached skill level 10 in Axes
 11518 | D:8      | Found a shimmering blue altar of Sif Muna.
 11542 | D:8      | Found a broken altar of Ashenzari.
 11659 | D:8      | Paralysed by a hornet for 3 turns
 13197 | D:3      | Bought a scroll of fear for 56 gold pieces
 13197 | D:3      | Bought a scroll of fog for 56 gold pieces
 13202 | D:3      | Bought a scroll of acquirement for 728 gold pieces
 13204 | D:3      | Acquired the ring "Kinah" {Will+ Int+3 Stlth+}
 13712 | D:9      | Reached skill level 10 in Fighting
 14291 | D:10     | Entered Level 10 of the Dungeon
 14633 | D:10     | Reached XP level 11. HP: 28/101 MP: 11/11
 14644 | D:10     | Reached skill level 10 in Armour
 15122 | D:10     | Found a staircase to the Lair.
 15129 | D:10     | Noticed a two-headed ogre
 15144 | D:10     | Killed a two-headed ogre
 15300 | D:10     | Found a staircase to the Orcish Mines.
 15463 | D:10     | Noticed Fannar
 15488 | D:10     | Slain by Fannar

Illustrated notes

Levels and vault maps discovered:
D:1:      minmay_arrival_shoal_huts, layout_rooms
D:2:      layout_basic, shapermc_ecumenical_altar_hornbeckon,
          minmay_pentomino_pile
D:3:      layout_basic, serial_shops, shop_fountains, serial_co_window_serial,
          co_window_of_opportunity_a, co_window_paths_a, co_window_corner_a,
          co_window_paths_b, co_window_paths_a, co_window_paths_a,
          co_window_paths_a, co_window_of_opportunity_a,
          co_window_of_opportunity_a, co_window_broadway_a,
          co_window_unsneaky_path_b, co_window_paths_c, co_window_corner_b,
          co_window_corner_ca, co_window_corner_b, glass_columns_c,
          glass_columns_a, glass_columns_b, glass_columns_a, glass_columns_a,
          st_stairs_1
D:4:      layout_basic, serial_corexii_hall, corexii_hall_statues_l,
          chequers_hall_statues_wall_a, kennysheep_flooded_box,
          hangedman_decor_push, uniq_edmund
D:5:      layout_basic, minmay_temple_entry_offerings
D:6:      layout_gridville, nicolae_lava_and_water, minmay_hedge_maze
D:7:      layout_gridville, the_hattery
D:8:      layout_basic, nicolae_ashenzari_skybound, kennysheep_mini_moat,
          corexii_leaking_fountain, st_stairs_2, uniq_erica
D:9:      layout_roguey
D:10:     layout_roguey, minmay_lair_entry_grove, david_orc_3,
          minmay_misc_feat_iff, uniq_fannar
D:11:     layout_roguey, nicolae_vehumet_radiance
Temple:   nicolae_temple_bog_church

Skill      XL: |  1  2  3  4  5  6  7  8  9 10 11 |
---------------+----------------------------------+-----
Axes           | 3 4 5 6 7 9 11 | 11.9
Fighting       | 4 5 6 7 9 10 11 | 11.2
Armour         | 4 5 6 8 9 10 | 10.3
Shields        | 4 5 6 |  6.0
Dodging        | 1 2 3 4 |  4.8
Throwing       | 1 |  1.4

Action                   |  1- 3 |  4- 6 |  7- 9 | 10-12 || total
-------------------------+-------+-------+-------+-------++-------
Melee: War axe           |    84 |   141 |   101 |   192 ||   518
       Flail             |       |       |   179 |       ||   179
Throw: Dart              |     2 |    24 |    51 |    50 ||   127
  Use: Scroll            |       |     7 |     9 |     6 ||    22
       Potion            |       |     2 |       |     1 ||     3
Armor: Scale mail        |    42 |    14 |       |       ||    56
       Plate armour      |       |    92 |   185 |   130 ||   407
Dodge: Dodged            |    46 |    42 |   104 |    61 ||   253
Block: Buckler           |    16 |    44 |    95 |    62 ||   217

Table legend: (Time is in decaauts)
 A = Elapsed time spent in this place.
 B = Non-inter-level travel time spent in this place.
 C = Inter-level travel time spent in this place.
 D = Time resting spent in this place.
 E = Time spent auto-exploring this place.
 F = Levels seen in this place.
 G = Mean time per level.
                   A        B        C        D        E       F      G
               +--------+--------+--------+--------+--------+-----+--------+
         Total |  15656 |  15037 |    619 |   4643 |   8065 |  12 | 1304.7 |
       Dungeon |  15551 |  14942 |    609 |   4640 |   7992 |  11 | 1413.7 |
        Temple |    104 |     94 |     10 |      3 |     73 |   1 |  104.0 |
               +--------+--------+--------+--------+--------+-----+--------+

Top non-repeatable levels by time:
     D:7: 2709 daAuts
     D:4: 2315 daAuts
     D:8: 2007 daAuts
     D:5: 1702 daAuts
     D:6: 1550 daAuts
     D:3: 1226 daAuts
     D:2: 1131 daAuts
     D:9: 909 daAuts
    D:10: 847 daAuts
     D:1: 802 daAuts
    D:11: 349 daAuts
  Temple: 104 daAuts
